 Dungeon Crawl Stone Soup version 0.31.0-12-g77e489cdc1 (webtiles) character file.

Game seed: 7730608790847559886

40334 hawla the Slayer (level 13, -11/146 HPs)
             Began as a Minotaur Fighter on Feb 19, 2024.
             Was an Initiate of Yredelemnul.
             Mangled by an ettin
             ... wielding a +0 great mace
              (14 damage)
             ... on level 1 of the Orcish Mines.
             The game lasted 00:33:56 (17207 turns).

hawla the Slayer (Minotaur Fighter)                Turns: 17207, Time: 00:33:57

Health: -11/146    AC: 15    Str: 26    XL:     13   Next: 74%
Magic:  13/13      EV:  6    Int:  9    God:    Yredelemnul [......]
Gold:   949        SH: 11    Dex: 16    Spells: 12/12 levels left

rFire   + . .        A - +0 broad axe (drain)
rCold   + . .        c - +1 buckler
rNeg    . . .        l - +0 plate armour
rPois   .            (helmet restricted)
rElec   .            O - +0 cloak "Zuli" {Rampage Int+4 Slay+3 Stlth+}
rCorr   .            k - +1 pair of gloves of Jolusigg {^Drain Dex+6}
SInv    .            (no boots)
Will    .....        s - amulet of reflection Stlth
                     m - ring of protection from fire
HPRegen 0.44/turn    b - ring of protection from cold
MPRegen 0.13/turn

%: reflection, rampage
@: about to teleport
A: horns 2, retaliatory headbutt
a: Renounce Religion, Recall Undead Harvest


You were on level 1 of the Orcish Mines.
You worshipped Yredelemnul.
Yredelemnul was noncommittal.
You visited 3 branches of the dungeon, and saw 16 of its levels.

You collected 1259 gold pieces.
You spent 310 gold pieces at shops.

Inventory:

Hand Weapons
 A - a +0 broad axe of draining (weapon)
 P - a +2 scimitar of flaming
Missiles
 o - 68 poisoned darts (quivered)
 y - a curare-tipped dart
 J - a throwing net
Armour
 a - a +0 pair of gloves
 c - a +1 buckler (worn)
 k - the +1 pair of gloves of Jolusigg (worn) {^Drain Dex+6}
   (You found it on level 1 of the Orcish Mines)

   Dex+6:     It affects your dexterity (+6).
   ^Drain:    It drains your maximum health when unequipped.
 l - a +0 plate armour (worn)
 O - the +0 cloak "Zuli" (worn) {Rampage Int+4 Slay+3 Stlth+}
   (You found it on level 14 of the Dungeon)

   Int+4:     It affects your intelligence (+4).
   Slay+3:    It affects your accuracy & damage with ranged weapons and melee
   (+3).
   Rampage:   It bestows one free step when moving towards enemies.
   Stlth+:    It makes you more stealthy.
Jewellery
 b - a ring of protection from cold (right hand)
 j - a ring of protection from cold
 m - a ring of protection from fire (left hand)
 s - an amulet of reflection (around neck)
 v - a +5 ring of evasion
 z - a ring of flight
 G - a ring of willpower
 K - a ring of willpower
 M - a ring of wizardry
 R - an amulet of regeneration
Wands
 q - a wand of flame (9)
 t - a wand of iceblast (1)
 D - a wand of paralysis (10)
 E - a wand of mindburst (4)
Scrolls
 f - 4 scrolls of revelation
 p - 5 scrolls of vulnerability
 w - a scroll of fog
 B - 2 scrolls of torment
 F - 2 scrolls of noise {unknown}
 H - a scroll of identify
Potions
 d - a potion of might
 e - a potion of lignification
 g - a potion of attraction {unknown}
 h - 2 potions of berserk rage
 i - 3 potions of curing
 n - 4 potions of haste
 r - a potion of degeneration {unknown}
 u - a potion of brilliance {unknown}
 I - 2 potions of mutation {unknown}
 L - a potion of magic {unknown}
 Q - a potion of cancellation {unknown}
Miscellaneous
 N - a condenser vane


   Skills:
 - Level 22.4 Fighting
 - Level 16.0 Axes
 + Level 1.5 Throwing
 + Level 4.2 Armour
 - Level 5.0 Shields
 + Level 1.5 Invocations
 + Level 1.3 Evocations


You had 12 spell levels left.
You didn't know any spells.
Your spell library was empty.

Dungeon Overview and Level Annotations

Branches:
Dungeon (14/15)            Temple (1/1) D:5            Lair (0/5) D:11
    Orc (1/2) D:9          Vaults (0/5) D:13

Altars:
Ashenzari
Cheibriados
Dithmenos
Elyvilon
Fedhas
Gozag
Hepliaklqana
Kikubaaqudgha
Makhleb
Nemelex Xobeh
Okawaru
Qazlal
Ru
Sif Muna
Trog
Uskayaw
Vehumet
Wu Jian
Xom
Yredelemnul
Zin
The Shining One

Shops:
D:6 *   D:9 (:(

Portals:
Trove: D:12 (give 14 potions of heal wounds)


Innate Abilities, Weirdness & Mutations

You have a pair of horns on your head.
You reflexively headbutt those who attack you in melee.


Message History

You continue putting on the +1 pair of gloves of Jolusigg {^Drain Dex+6}. x2
The two-headed ogre hits your orc priest zombie with a +0 giant spiked club!
The two-headed ogre hits your orc priest zombie with a +0 giant club!
Your orc priest zombie is destroyed!
You continue putting on the +1 pair of gloves of Jolusigg {^Drain Dex+6}.
Your orc wizard zombie hits the two-headed ogre.
The two-headed ogre hits your orc wizard zombie with a +0 giant spiked club!!
The two-headed ogre hits your orc wizard zombie with a +0 giant club!
Your orc wizard zombie is destroyed!
You continue putting on the +1 pair of gloves of Jolusigg {^Drain Dex+6}.
The ettin hits you with a +0 great mace!
The ettin hits you with a +0 great mace!!
You continue putting on the +1 pair of gloves of Jolusigg {^Drain Dex+6}.
The ettin hits you with a +0 great mace!
You block the ettin's attack.
You finish putting on the +1 pair of gloves of Jolusigg {^Drain Dex+6}.
You feel agile. You block the two-headed ogre's attack.
The two-headed ogre hits you with a +0 giant club!
The ettin attacks as it pursues you!
The ettin hits you with a +0 great mace!!!
* * * LOW HITPOINT WARNING * * *
You block the ettin's attack.
Okay, then.
Okay, then.
The ettin attacks as it pursues you!
The ettin hits you with a +0 great mace.
* * * LOW HITPOINT WARNING * * *
The ettin hits you with a +0 great mace!
* * * LOW HITPOINT WARNING * * *
There is a transporter here.
You enter the transporter and appear at another place.
The ettin hits you with a +0 great mace!!
* * * LOW HITPOINT WARNING * * *
You block the ettin's attack.
As you read the scroll of teleportation, it crumbles to dust.
You feel strangely unstable.
The ettin hits you with a +0 great mace!
You die...
Your body rises from the dead as a mindless zombie.

##.##.##.8.8.##.#
#...#§#..._...#.#
##.##.##.8.8.##.#
####.#.....$)#.#
#..)$#.#.$..#
#.)O#####$..#
##.o..©....##
..###########..
.......@.......
......C........
.............#.
...............
...............
...............
...............
.....#.......#.


You could see an ettin, a two-headed ogre and an orc warrior.

Vanquished Creatures
  Jorgrun (D:14)
  The ghost of Hisoilig the Destroyer, a journeyman DgHW (D:14)
  Snorg (D:14)
  An ogre mage (D:13)
  6 centaur warriors
  2 boulder beetles (D:13)
  2 two-headed ogres
  2 tengu warriors
  An orc high priest (Orc:1)
  Nergalle (D:10)
  A skeletal warrior (D:13)
  An arcanist (D:14)
  4 orc knights
  A deep elf pyromancer (D:13)
  A harpy (D:14)
  A manticore (D:12)
  4 ugly things
  4 cyclopes
  A centaur skeleton (D:13)
  A gargoyle (D:11)
  An unseen horror (D:10)
  5 kobold demonologists
  A tengu conjurer (D:13)
  5 trolls
  A hornet (D:8)
  A vampire (D:13)
  33 yaks
  A wraith (D:10)
  4 steam dragons
  A redback simulacrum (D:14)
  5 acid dragons
  A water moccasin (D:8)
  7 orc warriors
  2 ice beasts
  5 sky beasts
  7 ogres
  13 centaurs
  A phantom (D:4)
  8 kobold brigands
  A bullfrog (D:7)
  A scorpion (D:5)
  2 wights
  10 killer bees
  5 hounds
  A bombardier beetle (D:5)
  4 gnoll boudas
  Crazy Yiuf (D:3)
  5 jellies
  14 orc priests
  2 sleepcaps
  3 iguanas
  16 orc wizards
  A killer bee zombie (D:10)
  17 gnolls
  5 adders
  7 shadow imps
  A white imp (D:5)
  2 ufetubi (D:6)
  An adder skeleton (D:2)
  3 dart slugs (D:1)
  4 ribbon worms
  43 orcs
  A bat skeleton (D:2)
  9 endoplasms
  3 giant cockroaches (D:3)
  7 goblins
  6 hobgoblins
  2 jackals (D:5)
  6 quokkas
  9 ball pythons
  A ball python skeleton (D:2)
  5 bats
  2 frilled lizards
  A giant cockroach zombie (D:2)
  40 kobolds
  A quokka skeleton (D:2)
  3 rats
384 creatures vanquished.

Vanquished Creatures (collateral kills)
  A yaktaur captain (D:14)
  2 centaur warriors
  2 ugly things
  A manticore (D:14)
  A cyclops (D:14)
  2 centaur skeletons (D:13)
  An efreet (D:14)
  A kobold demonologist (D:7)
  A troll (D:9)
  A centaur simulacrum (D:10)
  4 yaks
  A steam dragon (D:8)
  A wyvern (D:8)
  A wraith (D:10)
  2 ogres (D:13)
  A centaur (D:13)
  3 wights (D:9)
  A killer bee (D:9)
  An electric eel (D:10)
  An orc priest (D:13)
  A boggart skeleton (D:13)
  A gnoll (D:10)
  An orc (Orc:1)
  7 kobolds
39 creatures vanquished.

Vanquished Creatures (others)
  A dwarf zombie (D:14)
  A tengu zombie (D:13)
  A spectral efreet (D:14)
  A manticore zombie (D:14)
  A water moccasin zombie (D:8)
  A troll zombie (Orc:1)
  3 yak zombies
  A bullfrog zombie (D:7)
  9 centaur zombies
  A sleepcap (D:7)
  An orc wizard (D:8)
  A killer bee zombie (D:9)
  An acid dragon zombie (D:14)
  3 ogre zombies (D:13)
  3 steam dragon zombies
  2 gnolls
  A spectral shadow imp (D:7)
  An orc (D:8)
  6 gnoll zombies
  15 kobold zombies
  25 orc zombies
79 creatures vanquished.

Grand Total: 502 creatures vanquished

Notes
Turn   | Place    | Note
-------+----------+-------------------------------------------
     0 | D:1      | hawla the Minotaur Fighter began the quest for the Orb.
     0 | D:1      | Reached XP level 1. HP: 19/19 MP: 0/0
    77 | D:1      | Reached skill level 4 in Fighting
   202 | D:1      | Reached XP level 2. HP: 25/28 MP: 1/1
   740 | D:2      | Reached skill level 5 in Fighting
   775 | D:2      | Found a faded altar of an unknown god.
   815 | D:2      | Reached XP level 3. HP: 32/36 MP: 2/2
   872 | D:2      | Found a glowing golden altar of the Shining One.
   872 | D:2      | Found a sacrificial altar of Ru.
   872 | D:2      | Found a blossoming altar of Fedhas.
   872 | D:2      | Found a shimmering blue altar of Sif Muna.
   872 | D:2      | Found a hazy altar of Hepliaklqana.
   872 | D:2      | Found a sacrificial altar of Ru.
   877 | D:2      | Reached XP level 4. HP: 19/42 MP: 3/3
  1715 | D:3      | Reached skill level 5 in Axes
  1777 | D:3      | Reached XP level 5. HP: 42/48 MP: 4/4
  2099 | D:3      | Found a faded altar of an unknown god.
  2103 | D:3      | Found a shimmering blue altar of Sif Muna.
  2292 | D:3      | Found a blossoming altar of Fedhas.
  2392 | D:3      | Found a runed translucent door.
  2393 | D:3      | Noticed Crazy Yiuf
  2706 | D:3      | Killed Crazy Yiuf
  2747 | D:4      | Noticed a phantom
  2823 | D:4      | Killed a phantom
  2824 | D:4      | Reached XP level 6. HP: 51/56 MP: 5/5
  3522 | D:4      | Reached XP level 7. HP: 61/61 MP: 6/6
  3779 | D:5      | Entered Level 5 of the Dungeon
  3964 | D:5      | Reached skill level 10 in Axes
  4584 | D:5      | Reached XP level 8. HP: 45/68 MP: 7/7
  4961 | D:5      | Found a staircase to the Ecumenical Temple.
  5117 | Temple   | Entered the Ecumenical Temple
  5162 | D:6      | Found Cuijeorph's Assorted Antiques.
  5199 | D:6      | Bought a tourmaline ring for 125 gold pieces
  5199 | D:6      | Bought a dented citrine amulet for 125 gold pieces
  5759 | D:6      | Found an ancient bone altar of Kikubaaqudgha.
  5759 | D:6      | Noticed a troll
  5765 | D:6      | Found a broken altar of Ashenzari.
  5846 | D:6      | Killed a troll
  5847 | D:6      | Reached XP level 9. HP: 45/74 MP: 8/8
  6298 | D:6      | Found a sparkling altar of Nemelex Xobeh.
  6298 | D:6      | Found an ornate altar of the Wu Jian Council.
  6306 | D:6      | Found a basalt altar of Yredelemnul.
  6308 | D:6      | Found a faded altar of an unknown god.
  6310 | D:6      | Found an iron altar of Okawaru.
  6315 | D:6      | Became a worshipper of Yredelemnul the Dark
  6470 | D:7      | Reached * piety under Yredelemnul
  6700 | D:7      | Reached ** piety under Yredelemnul
  6948 | D:7      | Noticed a kobold demonologist
  6959 | D:7      | Noticed a kobold demonologist
  6963 | D:7      | Killed a kobold demonologist
  6964 | D:7      | Reached skill level 15 in Axes
  6966 | D:7      | Noticed a rust devil
  7163 | D:7      | Noticed a rust devil
  7174 | D:7      | Killed a kobold demonologist
  7501 | D:8      | Found a shadowy altar of Dithmenos.
  7504 | D:8      | Reached skill level 6 in Fighting
  7511 | D:8      | Reached XP level 10. HP: 39/84 MP: 7/9
  7688 | D:8      | Reached skill level 5 in Shields
  7690 | D:8      | Reached skill level 7 in Fighting
  7691 | D:8      | Paralysed by a hornet for 3 turns
  7692 | D:8      | Reached skill level 8 in Fighting
  8066 | D:8      | Reached skill level 9 in Fighting
  8367 | D:9      | Found a staircase to the Orcish Mines.
  8374 | D:9      | Found Ibodae Nusy's Weapon Emporium.
  8419 | D:9      | Reached skill level 10 in Fighting
  8539 | D:9      | Found Upothav's Book Shoppe.
  8648 | D:9      | Found Jeth's Antique Weapon Emporium.
  8668 | D:9      | Reached *** piety under Yredelemnul
  8873 | D:9      | Reached skill level 11 in Fighting
  8879 | D:9      | Reached **** piety under Yredelemnul
  8951 | D:9      | Bought a +0 broad axe for 60 gold pieces
  8975 | D:10     | Entered Level 10 of the Dungeon
  9043 | D:10     | Noticed Nergalle
  9055 | D:10     | Killed Nergalle
  9056 | D:10     | Reached skill level 12 in Fighting
  9278 | D:10     | Found a bloodstained altar of Trog.
  9370 | D:10     | Reached XP level 11. HP: 77/104 MP: 10/10
  9538 | D:10     | Noticed a two-headed ogre
  9544 | D:10     | Killed a two-headed ogre
  9545 | D:10     | Reached skill level 13 in Fighting
  9829 | D:10     | Reached skill level 14 in Fighting
 10535 | D:10     | Noticed a centaur warrior
 10541 | D:10     | Killed a centaur warrior
 10542 | D:10     | Reached skill level 15 in Fighting
 10784 | D:10     | Found a white marble altar of Elyvilon.
 10793 | D:10     | Noticed a brown ugly thing
 10800 | D:10     | Killed a brown ugly thing
 10874 | D:10     | Found a glowing golden altar of the Shining One.
 10874 | D:10     | Found a glowing silver altar of Zin.
 11319 | D:11     | Reached skill level 16 in Fighting
 11534 | D:11     | Found a staircase to the Lair.
 12128 | D:11     | Reached XP level 12. HP: 96/124 MP: 11/11
 12132 | D:11     | Reached ***** piety under Yredelemnul
 12136 | D:11     | Reached skill level 17 in Fighting
 12570 | D:12     | Found a portal to a secret trove of treasure.
 12667 | D:12     | Noticed a two-headed ogre
 12684 | D:12     | Killed a two-headed ogre
 13508 | D:13     | Noticed a centaur warrior
 13520 | D:13     | Killed a centaur warrior
 13521 | D:13     | Reached skill level 18 in Fighting
 13576 | D:13     | Noticed a tengu warrior
 13585 | D:13     | Killed a tengu warrior
 13734 | D:13     | Noticed a centaur warrior
 13741 | D:13     | Killed a centaur warrior
 13752 | D:13     | Noticed an ogre mage
 13755 | D:13     | Reached skill level 19 in Fighting
 13771 | D:13     | Killed an ogre mage
 13973 | D:13     | Noticed a centaur warrior
 13977 | D:13     | Killed a centaur warrior
 14179 | D:13     | Found a gate to the Vaults.
 14451 | D:13     | Noticed a centaur warrior
 14455 | D:13     | Killed a centaur warrior
 14456 | D:13     | Reached skill level 20 in Fighting
 14461 | D:13     | Reached ****** piety under Yredelemnul
 14591 | D:13     | Noticed a boulder beetle
 14601 | D:13     | Identified the +1 helmet of Etif Ned {rC- rN++ Int+8}
 14640 | D:13     | Killed a boulder beetle
 14925 | D:13     | Reached XP level 13. HP: 123/140 MP: 12/12
 15258 | D:14     | Found a runed translucent gate.
 15259 | D:14     | Found a runed translucent gate.
 15260 | D:14     | Found a runed translucent gate.
 15260 | D:14     | Noticed Hisoilig's ghost (journeyman DgHW)
 15261 | D:14     | Noticed Snorg
 15268 | D:14     | Killed Snorg
 15269 | D:14     | Reached skill level 21 in Fighting
 15584 | D:14     | Noticed Jorgrun
 15596 | D:14     | Killed Jorgrun
 16065 | D:14     | Your ally Jorgrun died
 16080 | D:14     | Reached skill level 22 in Fighting
 16084 | D:14     | Killed Hisoilig's ghost
 16412 | D:14     | Identified the +0 cloak "Zuli" {Rampage Int+4 Slay+3
                  | Stlth+}
 16574 | Orc:1    | Entered Level 1 of the Orcish Mines
 16755 | Orc:1    | Found a transporter.
 16789 | Orc:1    | Noticed an ettin
 16802 | Orc:1    | Found a transporter.
 16931 | Orc:1    | Reached skill level 1 in Throwing
 16931 | Orc:1    | Reached skill level 1 in Invocations
 17180 | Orc:1    | Reached skill level 1 in Evocations
 17191 | Orc:1    | Identified the +1 pair of gloves of Jolusigg {^Drain Dex+6}
 17206 | Orc:1    | HP: 2/146 [ettin/+0 great mace (27)]
 17207 | Orc:1    | Mangled by an ettin

Illustrated notes

Levels and vault maps discovered:
D:1:      matt_arrival_spirals, layout_loops_cross, minmay_tetromino_l4
D:2:      cheibrodos_fertilizer, layout_basic, serial_undead, serial_undead_f,
          serial_undead_c, serial_undead_c, serial_undead_c, serial_undead_c,
          shapermc_ecumenical_altar_starsandcircs, hangedman_decor_peaks_small
D:3:      layout_basic, overflow_temple_1_default,
          nicolae_overflow_ecumenical_swirl, minmay_curled_crystal,
          uniq_crazy_yiuf_cottage
D:4:      layout_basic, st_stairs_9
D:5:      layout_layer_cave, minmay_temple_entry_nine_rooms,
          minmay_misc_feat_iff
D:6:      layout_cave_pods, chequers_temple_overflow_minitemple,
          jmf_multi_god_temple, serial_shops, nicolae_stop_n_shop_2
D:7:      kennysheep_kobold_camp, layout_cave_pools, hangedman_misty_isle
D:8:      layout_rooms, mainiacjoe_overflow_alcove_2
D:9:      layout_basic, orc_0_dummy, serial_shops, shop,
          nicolae_book_shop_shelving, nicolae_shop_bloodbath_and_beyond
D:10:     minmay_ornate_pinched, layout_loops_corners,
          dreamdust_divine_triumvirate, nicolae_overflow_hidden_temple,
          nrook_mini_backslash, serial_bayou_lagoon_a, uniq_nergalle
D:11:     layout_basic, lair_entry_dummy
D:12:     layout_layer_cave, nicolae_trove_entry_isolated
D:13:     layout_gridville, hangedman_vaults_entry_quadrant_bands
D:14:     layout_long_grid, gammafunk_ghost_split, uniq_snorg, uniq_jorgrun
Temple:   hellmonk_temple_beads
Orc:1:    gammafunk_beogh_shrine, layout_caves, uniq_sonja

Skill      XL: |  1  2  3  4  5  6  7  8  9 10 11 12 13 |
---------------+----------------------------------------+-----
Fighting       | 4 5 6 12 16 20 22 | 22.4
Axes           | 4 5 7 8 10 13 16 | 16.0
Shields        | 4 5 |  5.0
Throwing       | 1 |  1.5
Armour         | 4 |  4.2
Invocations    | 1 |  1.5
Evocations     | 1 |  1.3

Action                     |  1- 3 |  4- 6 |  7- 9 | 10-12 | 13-15 || total
---------------------------+-------+-------+-------+-------+-------++-------
  Melee: War axe           |    49 |   121 |   233 |    72 |       ||   475
         Headbutt          |     3 |    17 |    35 |    78 |    43 ||   176
         Broad axe         |       |       |       |   320 |   129 ||   449
  Throw: Dart              |       |     3 |       |       |       ||     3
 Invoke: Recall Undead Har |       |       |     2 |     3 |     5 ||    10
         Dark Bargain      |       |       |       |     1 |       ||     1
         Drain Life        |       |       |       |       |     1 ||     1
  Evoke: Wand              |       |       |     1 |     5 |     5 ||    11
    Use: Scroll            |     1 |     8 |    11 |     8 |     4 ||    32
         Potion            |       |       |     1 |     6 |     2 ||     9
   Stab: Distracted        |       |       |       |    12 |     3 ||    15
 Armour: Scale mail        |    32 |     2 |       |       |       ||    34
         Chain mail        |       |    77 |   230 |   316 |   108 ||   731
         Skin              |       |       |       |     8 |       ||     8
         Plate armour      |       |       |       |       |    19 ||    19
  Dodge: Dodged            |    18 |    66 |    88 |   109 |    29 ||   310
  Block: Buckler           |    14 |    34 |   121 |   210 |    61 ||   440
         Reflection        |       |       |     2 |    20 |     9 ||    31
